 Dungeon Crawl Stone Soup version 0.31-a0-986-g5e6e4ef867 (webtiles) character file.

Game seed: 13276584181565551951

13374 IdlyInterested the Protected (level 11, -6/90 HPs)
             Began as a Demonspawn Gladiator on Nov 8, 2023.
             Mangled by a sun demon (13 damage)
             ... led by a balrug
             ... on level 3 of the Abyss.
             The game lasted 00:46:30 (10620 turns).

IdlyInterested the Protected (DsGl)                Turns: 10620, Time: 00:46:31

Health: -6/90      AC: 28    Str: 19    XL:     11   Next: 74%
Magic:  11/11      EV: 18    Int:  8    God:
Gold:   101        SH:  0    Dex: 21    Spells: 10/10 levels left

rFire   . . .        F - +10 quarterstaff of the Sun {spect, rC+ rCorr}
rCold   + . .        (shield currently unavailable)
rNeg    + + .        Q - +4 plate armour {rN+}
rPois   +            E - +0 hat
rElec   +            W - +2 ratskin cloak {*Rats rPois rN+ Str-1 Int-1 Dex+1}
rCorr   +            a - +0 pair of gloves
SInv    .            C - +0 pair of boots
Will    .....        B - amulet of regeneration Stlth
                     S - +6 ring of dexterity
HPRegen 1.15/turn    s - +5 ring of evasion
MPRegen 0.12/turn

%: no passive effects
@: mighty, agile, lethally poisoned (-6 -> -6), silenced
A: antennae 2, thin metallic scales 3, powered by pain 1, demonic magic 1
a: no special abilities


You were on level 3 of the Abyss.
You visited 2 branches of the dungeon, and saw 13 of its levels.
You visited the Abyss 1 time.
You also visited: Sewer.

You collected 762 gold pieces.
You spent 661 gold pieces at shops.

Inventory:

Hand Weapons
 e - a +4 morningstar
 h - a +2 war axe of flaming
 F - the +10 quarterstaff of the Sun (weapon) {spect, rC+ rCorr}
   (You took it off an orc on level 8 of the Dungeon)

   rC+:       It protects you from cold.
   rCorr:     It protects you from acid and corrosion.
 J - a +0 dire flail
Missiles
 c - 3 boomerangs
 d - 8 throwing nets
 g - 86 stones (quivered)
 x - 19 poisoned darts
 K - a curare-tipped dart
Armour
 a - a +0 pair of gloves (worn)
 C - a +0 pair of boots (worn)
 E - a +0 hat (worn)
 H - a +2 chain mail of fire resistance
 P - a scarf of repulsion
 Q - a +4 plate armour of positive energy (worn)
 W - the +2 ratskin cloak (worn) {*Rats rPois rN+ Str-1 Int-1 Dex+1}
   (You found it on level 10 of the Dungeon)

   *Rats:     When the wearer is hurt, rats may emerge from it to assist them.
   Str-1:     It affects your strength (-1).
   Int-1:     It affects your intelligence (-1).
   Dex+1:     It affects your dexterity (+1).
   rPois:     It protects you from poison rN+: It protects you from negative
   energy.
Jewellery
 i - a ring of ice
 m - an amulet of reflection
 s - a +5 ring of evasion (right hand)
 A - a ring of protection from cold
 B - an amulet of regeneration (around neck)
 S - a +6 ring of dexterity (left hand)
Wands
 t - a wand of iceblast (7)
 y - a wand of mindburst (4)
 z - a wand of flame (20)
 N - a wand of charming (6)
 R - a wand of digging (5)
 Y - a wand of polymorph (4)
Scrolls
 b - 2 scrolls of summoning
 j - 2 scrolls of blinking
 l - a scroll of acquirement
 n - a scroll of silence
 p - 3 scrolls of fear
 r - a scroll of identify
 u - 3 scrolls of poison
 D - 4 scrolls of teleportation
 G - a scroll of amnesia
 M - a scroll of immolation
 T - 2 scrolls of enchant weapon
 U - a scroll of vulnerability
Potions
 f - a potion of lignification
 k - 9 potions of brilliance
 o - 3 potions of cancellation
 q - 3 potions of curing
 v - 3 potions of heal wounds
 w - 2 potions of magic
 L - a potion of berserk rage
 O - 3 potions of haste
 X - a potion of attraction


   Skills:
 + Level 9.7 Fighting
 - Level 9.0 Maces & Flails
 - Level 4.0 Throwing
 - Level 10.0 Armour
 - Level 4.0 Dodging
 - Level 4.0 Shields
 + Level 5.0 Evocations


You had 10 spell levels left.
You didn't know any spells.
Your spell library contained the following spells:

 Spells                   Type           Power      Damage    Failure   Level
 Apportation              Tloc           0%         N/A       100%        1
 Sandblast                Erth           0%         2d4       100%        1
 Slow                     Hex            0%         N/A       100%        1
 Jinxbite                 Hex            0%         N/A       100%        2
 Passwall                 Tmut/Erth      0%         N/A       100%        2
 Static Discharge         Conj/Air       0%         3-3/arc   100%        2
 Confusing Touch          Hex            0%         N/A       100%        3
 Sigil of Binding         Hex            0%         N/A       100%        3
 Stone Arrow              Conj/Erth      0%         3d7       100%        3
 Vampiric Draining        Necr           0%         2d6       100%        3
 Airstrike                Air            0%         2d(0-16)  100%        4
 Brom's Barrelling Bould  Conj/Erth      0%         2d3       100%        4
 Summon Lightning Spire   Summ/Air       0%         N/A       100%        4
 Alistair's Intoxication  Tmut/Pois      0%         N/A       100%        5


Dungeon Overview and Level Annotations

Branches:
Dungeon (12/15)            Temple (1/1) D:5            Lair (0/5) D:10
  Sewer (visited)
    Orc: D:9-12

Altars:
Ashenzari
Cheibriados
Dithmenos
Fedhas
Gozag
Hepliaklqana
Kikubaaqudgha
Makhleb
Nemelex Xobeh
Okawaru
Qazlal
Ru
Sif Muna
Trog
Uskayaw
Vehumet
Wu Jian
Xom
Yredelemnul

Shops:
D:5 [   D:9 **   D:11 *

Portals:
Trove: D:11 (give +4 fire dragon scales)


Innate Abilities, Weirdness & Mutations

You have a pair of antennae on your head.
You are completely covered in thin metallic scales. (AC +4, rElec)
You sometimes gain a little power by taking damage.
Spells you cast may paralyse adjacent enemies.


Message History

The ettin hits you with a +0 giant spiked club of chaos!!
A hell rat scurries out from under your cloak.
You focus on the pain.
You feel very mighty all of a sudden.
You are poisoned.
You bludgeon the ettin!!
You kill the ettin!
Your +10 quarterstaff of the Sun {spect, rC+ rCorr} disappears.
You feel very sick.
Your hell rat closely misses the sun demon.
Your Evocations skill increases to level 5!
You feel very sick.
Your hell rat bites the sun demon.
There is a runelight, spattered with blood here.
Things that are here:
a +0 giant spiked club of distortion; a +0 giant spiked club of chaos You feel very sick.
The sun demon hits you but does no damage.
Your hell rat misses the sun demon.
You closely miss the sixfirhy.
Your +10 quarterstaff of the Sun {spect, rC+ rCorr} hits the sixfirhy!
You feel sick.
The sixfirhy hits you but does no damage.
The sixfirhy misses you. The sun demon hits you.
You are engulfed in flames!!
* * * LOW HITPOINT WARNING * * *
Your hell rat bites the sun demon!
The sun demon closely misses you.
You bludgeon the sixfirhy!!
The sixfirhy is severely wounded.
Your +10 quarterstaff of the Sun {spect, rC+ rCorr} misses the sixfirhy.
You feel sick.
Your hell rat misses the sun demon.
The sun demon barely misses you.
Your hell rat barely misses the sun demon.
Unknown command.
You hit the sixfirhy.
The sixfirhy is almost dead.
Your +10 quarterstaff of the Sun {spect, rC+ rCorr} closely misses the sixfirhy.
You feel sick. The sun demon hits you.
* * * LOW HITPOINT WARNING * * *
You are engulfed in flames!
You die...

#...###⌠##C# { #⌠##
# # ... #.⌠ ~##CGW #
. ..... .⌠##C# 3
.#{##⌠..
.....#.⌠.##.###. #.#
.. #.. ###..#{#W#.
#~##§ ##.
##⌠####C##.# X⌠# # .
#.⌠⌠.~###∩##.... ..
#.....⌠⌠⌠⌠⌠⌠⌠⌠...
..........3@........
#.....#(r3..#....
...###...###...##
... #.# ##.## ##.##
# . #.. ...# #..
.... .. ..... ...#


You could see an ettin, a sun demon (ally target), a silent spectre (silencing),
a sixfirhy, a friendly +10 quarterstaff of the Sun {spect, rC+ rCorr} and a
friendly hell rat.

Vanquished Creatures
  An ettin (Abyss:3)
  A hydra (D:11)
  A centaur warrior (D:8)
  A two-headed ogre (D:11)
  A cyclops (D:11)
  A manticore (D:10)
  An unseen horror (D:10)
  Maggie (D:10)
  5 kobold demonologists
  Jeremiah (D:8)
  A yaktaur (D:8)
  A hornet (D:11)
  Sigmund (D:3)
  2 wraiths
  A wyvern (D:10)
  4 yaks (D:11)
  4 starcursed masses (Abyss:3)
  2 vampire mosquitoes (D:10)
  4 steam dragons
  An acid dragon (D:11)
  Duvessa (D:5)
  4 orc warriors
  2 sky beasts
  An ogre (D:5)
  3 ice beasts
  3 centaurs
  2 kobold brigands
  6 bullfrogs
  2 gnoll sergeants (D:9)
  A scorpion (D:5)
  11 wights
  Dowan (D:5)
  18 killer bees
  10 howler monkeys
  3 orc priests
  A sleepcap (D:6)
  A gnoll bouda (D:6)
  6 hounds
  3 jellies
  3 iguanas
  8 orc wizards
  12 gnolls
  6 river rats
  13 adders
  3 white imps
  2 ufetubi (D:6)
  3 worms (D:3)
  2 dart slugs
  49 orcs
  4 bats
  6 endoplasms
  4 giant cockroaches
  15 goblins
  10 hobgoblins
  7 jackals
  6 quokkas
  9 ball pythons
  8 frilled lizards
  17 kobolds
  9 rats
310 creatures vanquished.

Vanquished Creatures (collateral kills)
  A yak (D:11)
1 creature vanquished.

Vanquished Creatures (others)
  2 orcs
  A spectral weapon (D:9)
3 creatures vanquished.

Grand Total: 314 creatures vanquished

Notes
Turn   | Place    | Note
-------+----------+-------------------------------------------
     0 | D:1      | IdlyInterested the Demonspawn Gladiator began the quest for
                  | the Orb.
     0 | D:1      | Reached XP level 1. HP: 16/16 MP: 1/1
   255 | D:1      | Reached skill level 1 in Armour
   255 | D:1      | Gained mutation: You have a pair of small antennae on your
                  | head. [demonic ancestry]
   255 | D:1      | Reached XP level 2. HP: 23/23 MP: 2/2
   282 | D:1      | Found a faded altar of an unknown god.
   801 | D:1      | Reached skill level 1 in Shields
   871 | D:2      | Gained mutation: You sometimes gain a little power by
                  | taking damage. [demonic ancestry]
   871 | D:2      | Reached XP level 3. HP: 28/28 MP: 3/3
  1382 | D:2      | Reached skill level 1 in Evocations
  1655 | D:3      | Found a basalt altar of Yredelemnul.
  1717 | D:3      | Noticed Sigmund
  1737 | D:3      | Killed Sigmund
  1738 | D:3      | Reached skill level 3 in Armour
  1738 | D:3      | Reached XP level 4. HP: 18/37 MP: 4/4
  1738 | D:3      | Reached XP level 5. HP: 20/42 MP: 5/5
  1984 | D:3      | Reached XP level 6. HP: 37/48 MP: 6/6
  2063 | D:3      | Found a glowing drain.
  2069 | Sewer    | Entered a sewer
  2161 | Sewer    | Reached skill level 4 in Armour
  3597 | D:4      | You fall into a shaft and drop 1 floor!
  3597 | D:5      | Entered Level 5 of the Dungeon
  3607 | D:5      | Noticed an ice beast
  3619 | D:5      | Killed an ice beast
  3912 | D:4      | Gained mutation: You have a pair of antennae on your head.
                  | [demonic ancestry]
  3912 | D:4      | Reached XP level 7. HP: 51/54 MP: 7/7
  4392 | D:5      | Found a staircase to the Ecumenical Temple.
  4435 | Temple   | Entered the Ecumenical Temple
  4575 | D:5      | HP: 1/55 [ogre/+0 giant club (15)]
  4646 | D:5      | Found Dinoi's Antique Armour Shop.
  4705 | D:5      | Reached skill level 5 in Fighting
  4874 | D:5      | Reached skill level 5 in Armour
  4964 | D:5      | Noticed Duvessa
  4965 | D:5      | Noticed Dowan
  4981 | D:5      | Killed Duvessa
  4982 | D:5      | Gained mutation: You are partially covered in thin metallic
                  | scales. (AC +2) [demonic ancestry]
  4982 | D:5      | Reached XP level 8. HP: 41/62 MP: 8/8
  4986 | D:5      | Killed Dowan
  5293 | D:5      | Bought a runed chain mail for 202 gold pieces
  5369 | D:6      | Reached skill level 5 in Maces & Flails
  5446 | D:6      | Reached skill level 6 in Armour
  6011 | D:7      | Found a sacrificial altar of Ru.
  6281 | D:7      | Gained mutation: You are mostly covered in thin metallic
                  | scales. (AC +3) [demonic ancestry]
  6281 | D:7      | Reached XP level 9. HP: 64/69 MP: 9/9
  6961 | D:8      | Noticed a yaktaur
  6962 | D:8      | Noticed a kobold demonologist
  6973 | D:8      | Killed a yaktaur
  6976 | D:8      | Noticed an orange demon
  6981 | D:8      | Killed a kobold demonologist
  6987 | D:8      | Reached skill level 7 in Armour
  6996 | D:8      | Noticed a centaur warrior
  7003 | D:8      | Killed a centaur warrior
  7004 | D:8      | Reached skill level 8 in Armour
  7010 | D:8      | Identified the +10 quarterstaff of the Sun {spect, rC+
                  | rCorr}
  7011 | D:8      | Gained mutation: You are completely covered in thin
                  | metallic scales. (AC +4, rElec) [demonic ancestry]
  7011 | D:8      | Reached XP level 10. HP: 46/79 MP: 10/10
  7336 | D:8      | Noticed Jeremiah
  7365 | D:8      | Killed Jeremiah
  8051 | D:5      | Bought a glowing scarf for 216 gold pieces
  8211 | D:9      | Identified a scroll of acquirement
  8332 | D:9      | Found a stormy altar of Qazlal.
  8332 | D:9      | Found a hide-covered altar of Uskayaw.
  8332 | D:9      | Found a snail-covered altar of Cheibriados.
  8340 | D:9      | Found an ancient bone altar of Kikubaaqudgha.
  8344 | D:9      | Found an ornate altar of the Wu Jian Council.
  8390 | D:9      | Found Kaaxacli's Neck Hole.
  8436 | D:9      | Noticed a rust devil
  8458 | D:9      | Noticed a rust devil
  8464 | D:9      | Noticed a smoke demon
  8663 | D:9      | Found Cimaod's General Store.
  8787 | D:9      | Found a shimmering blue altar of Sif Muna.
  8819 | D:10     | Entered Level 10 of the Dungeon
  8879 | D:10     | Found a staircase to the Lair.
  8900 | D:10     | Noticed Maggie
  8913 | D:10     | Killed Maggie
  8914 | D:10     | Gained mutation: Spells you cast may paralyse adjacent
                  | enemies. [demonic ancestry]
  8914 | D:10     | Reached XP level 11. HP: 73/87 MP: 11/11
  9012 | D:10     | Found the +2 ratskin cloak {*Rats rPois rN+ Str-1 Int-1
                  | Dex+1}
  9031 | D:10     | Reached skill level 9 in Armour
  9444 | D:5      | Bought a jewelled ring mail for 243 gold pieces
  9444 | D:5      | Identified the +0 ring mail of the Enchanted Forest {rF+}
                  | (You bought it in a shop on level 5 of the Dungeon)
  9714 | D:11     | Noticed a two-headed ogre
  9721 | D:11     | Killed a two-headed ogre
  9812 | D:11     | Noticed a seven-headed hydra
  9830 | D:11     | Killed a one-headed hydra
  9871 | D:11     | Reached skill level 10 in Armour
  9916 | D:11     | Found Foczam's Changing Room.
 10094 | D:11     | Found a portal to a secret trove of treasure.
 10201 | D:11     | Found a bloodstained altar of Trog.
 10486 | D:12     | Noticed an occultist
 10487 | Abyss:3  | Found a corrupted altar of Lugonu.
 10487 | Abyss:3  | Found a corrupted altar of Lugonu.
 10487 | Abyss:3  | Cast into level 3 of the Abyss (an occultist)
 10512 | Abyss:3  | Noticed a thrashing horror
 10512 | Abyss:3  | Noticed a thrashing horror
 10548 | Abyss:3  | Noticed a starcursed mass
 10563 | Abyss:3  | Killed a starcursed mass
 10564 | Abyss:3  | Killed a starcursed mass
 10566 | Abyss:3  | Killed a starcursed mass
 10567 | Abyss:3  | Killed a starcursed mass
 10597 | Abyss:3  | Noticed an ettin
 10598 | Abyss:3  | Noticed an ettin
 10599 | Abyss:3  | Noticed an ettin
 10600 | Abyss:3  | Noticed a flayed ghost
 10609 | Abyss:3  | Noticed an ettin
 10612 | Abyss:3  | Noticed a sun demon
 10614 | Abyss:3  | Noticed a sixfirhy
 10615 | Abyss:3  | Killed an ettin
 10616 | Abyss:3  | Reached skill level 5 in Evocations
 10620 | Abyss:3  | Mangled by a sun demon

Illustrated notes

Levels and vault maps discovered:
D:1:      minmay_arrival_four_loops, layout_basic,
          shapermc_ecumenical_altar_totnotflames, serial_curves, eino_curves_04,
          eino_curves_03
D:2:      layout_loops_ring
D:3:      layout_basic, yredelemnul_altar_generic, lightli_sewer_entry_pipes,
          uniq_sigmund
D:4:      layout_rooms, general_overflow_altar, minmay_cupped
D:5:      layout_basic, minmay_temple_entry_overgrown, serial_shops,
          nicolae_shop_crystal, chequers_serial_rivers_large_a, uniq_duvessa
D:6:      layout_rooms
D:7:      layout_basic, mainiacjoe_overflow_alcove_2,
          nicolae_ru_great_annihilating_truth, st_stairs_12
D:8:      layout_loops_corners, nicolae_doodle_vault, uniq_jeremiah
D:9:      layout_roguey [special_room_orc], overflow_temple_1_default,
          minmay_overflow_temple_hex, serial_shops, shop,
          nicolae_shop_sticking_my_neck_out
D:10:     layout_big_octagon, lair_entry_dummy, serial_park, serial_park_square1
          [serial_park_minivault_5x5_5], serial_park_square2,
          serial_park_tiny_1, serial_park_square3 [serial_park_minivault_5x5_2],
          uniq_maggie
D:11:     layout_stronghold, trove_entry_hex_spiral,
          nicolae_transmutations_shop, bloody_trog
D:12:     layout_roguey, minmay_orc_entry_temple_small
Temple:   jpeg_temple_clearing
Abyss:3:  base: D:3, evilmike_abyss_rune_ettins

Skill      XL: |  1  2  3  4  5  6  7  8  9 10 11 |
---------------+----------------------------------+-----
Armour         | 1 3 4 5 6 8 10 | 10.0
Shields        | 1 2 3 4 |  4.0
Fighting       | 4 5 6 7 8 9 |  9.7
Evocations     | 1 2 3 4 5 |  5.0
Maces & Flails | 3 4 5 7 8 9 |  9.0
Throwing       | 2 3 4 |  4.0
Dodging        | 3 4 |  4.0

Action                     |  1- 3 |  4- 6 |  7- 9 | 10-12 || total
---------------------------+-------+-------+-------+-------++-------
  Melee: Flail             |   137 |   328 |   289 |       ||   754
         Punch             |       |     4 |     3 |       ||     7
         Morningstar       |       |       |   126 |     3 ||   129
         Quarterstaff      |       |       |       |   332 ||   332
         War axe           |       |       |       |     9 ||     9
  Throw: Stone             |     2 |       |    22 |    19 ||    43
         Dart              |       |       |     5 |     7 ||    12
         Javelin           |       |       |     1 |     1 ||     2
         Boomerang         |       |       |       |     2 ||     2
  Evoke: Wand              |     2 |       |     1 |     2 ||     5
    Use: Scroll            |     4 |     4 |     3 |     6 ||    17
         Potion            |       |     5 |     4 |     1 ||    10
   Stab: Invisible         |       |       |     6 |       ||     6
         Distracted        |       |       |       |     4 ||     4
 Armour: Scale mail        |    53 |       |       |       ||    53
         Leather armour    |     3 |       |       |       ||     3
         Chain mail        |    38 |   112 |   337 |    51 ||   538
         Plate armour      |       |       |       |   247 ||   247
  Dodge: Dodged            |    69 |   154 |   353 |   308 ||   884
         Repelled          |       |       |       |     1 ||     1
  Block: Other             |     7 |    62 |     8 |       ||    77
         Reflection        |       |     2 |       |       ||     2

Table legend: (Time is in decaauts)
 A = Elapsed time spent in this place.
 B = Non-inter-level travel time spent in this place.
 C = Inter-level travel time spent in this place.
 D = Time resting spent in this place.
 E = Time spent auto-exploring this place.
 F = Levels seen in this place.
 G = Mean time per level.
                   A        B        C        D        E       F      G
               +--------+--------+--------+--------+--------+-----+--------+
         Total |  11086 |  10130 |    956 |    434 |   6068 |  15 |  739.1 |
       Dungeon |   9625 |   8669 |    956 |    247 |   5394 |  12 |  802.1 |
        Temple |    101 |    101 |      0 |    100 |      0 |   1 |  101.0 |
         Abyss |    134 |    134 |      0 |      0 |     52 |   1 |  134.0 |
         Sewer |   1224 |   1224 |      0 |     87 |    621 |   1 | 1224.0 |
               +--------+--------+--------+--------+--------+-----+--------+

Top non-repeatable levels by time:
     D:8: 1289 daAuts
   Sewer: 1224 daAuts
     D:5: 1215 daAuts
     D:3: 1068 daAuts
     D:7: 948 daAuts
     D:1: 880 daAuts
    D:11: 858 daAuts
     D:9: 731 daAuts
     D:6: 689 daAuts
     D:2: 681 daAuts
     D:4: 667 daAuts
    D:10: 592 daAuts
 Abyss:3: 134 daAuts
  Temple: 101 daAuts
    D:12: 0 daAuts
